 Dungeon Crawl Stone Soup version 0.26-a0-800-g517d6fe721 (webtiles) character file.

Game seed: 8454898576125098902

39979 robertstho the Brawler (level 14, -13/122 HPs)
             Began as a Ghoul Fighter on Nov 11, 2020.
             Was the Champion of Jiyva.
             Killed from afar by a lich (27 damage)
             ... with a bolt of acid
             ... on level 15 of the Dungeon.
             The game lasted 00:21:09 (15143 turns).

robertstho the Brawler (Ghoul Fighter)             Turns: 15143, Time: 00:21:10

Health: -13/122    AC:  2    Str: 22    XL:     14   Next: 8%
Magic:  13/13      EV: 11    Int: 11    God:    Jiyva [******]
Gold:   633        SH: 24    Dex: 20    Spells: 13/13 levels left

rFire    + . .     SeeInvis +     - Unarmed
rCold    x . .     Faith    .   r - +7 tower shield of Vakupas {Rampage *Corrode +Blink rN++ Dex+3}
rNeg     + + +     Spirit   .   n - +1 ring mail of Xiasmouly {rF- Str+8 Dex+6}
rPois    ∞         Reflect  .   q - +2 helmet
rElec    .         Harm     .   (no cloak)
rCorr    +         Rampage  +   B - +1 pair of gloves
MR       +....                  w - +0 pair of boots
Stlth    ++........             (no amulet)
HPRegen  0.00/turn              x - ring of Tirimej {rF+ rC- Slay+5 SInv}
MPRegen  0.13/turn              L - ring of fire

@: about to teleport, corroded
A: rotting body, claws 1, cold resistance 1, negative energy resistance 3,
inhibited regeneration, torment resistance, unbreathing
a: Request Jelly, Slimify, Cure Bad Mutation, Renounce Religion, Evoke Blink


You were on level 15 of the Dungeon.
You worshipped Jiyva.
Jiyva was exalted by your worship.
You visited 2 branches of the dungeon, and saw 16 of its levels.
You also visited: Sewer.

You collected 737 gold pieces.
You spent 104 gold pieces at shops.

Inventory:

Hand Weapons
 a - a +1 whip of freezing
 M - a +0 scimitar of flaming
Missiles
 k - 38 poisoned darts (quivered)
Armour
 b - a +0 kite shield
 i - a +0 plate armour
 n - the +1 ring mail of Xiasmouly (worn) {rF- Str+8 Dex+6}
   (You found it on level 2 of the Dungeon)

   It affects your strength (+8).
   It affects your dexterity (+6).
   It makes you vulnerable to fire.
 q - a +2 helmet (worn)
 r - the +7 tower shield of Vakupas (worn) {Rampage *Corrode +Blink rN++ Dex+3}
   (You found it on level 11 of the Dungeon)

   It affects your dexterity (+3).
   It greatly protects you from negative energy.
   It lets you blink.
   It may corrode you when you take damage.
   It bestows one free step when moving towards enemies.
 w - a +0 pair of boots (worn)
 B - a +1 pair of gloves (worn)
Jewellery
 p - an uncursed ring of stealth
 x - the ring of Tirimej (left hand) {rF+ rC- Slay+5 SInv}
   (You found it on level 5 of the Dungeon)

   [ring of see invisible]

   It affects your accuracy and damage with ranged weapons and melee attacks
   (+5).
   It protects you from fire.
   It makes you vulnerable to cold.
   It lets you see invisible.
 C - an uncursed amulet of magic regeneration
 K - an uncursed amulet of regeneration {unknown}
 L - a ring of fire (right hand)
Wands
 h - a wand of paralysis (8)
 y - a wand of iceblast (14)
 I - a wand of digging (5)
Scrolls
 d - 6 scrolls of fear {unknown}
 e - 5 scrolls of remove curse
 f - 4 scrolls of enchant armour
 m - 2 scrolls of noise {unknown}
 s - a scroll of fog {unknown}
 t - 3 scrolls of acquirement {unknown}
 D - 2 scrolls of enchant weapon {unknown}
 E - 3 scrolls of teleportation
 G - 4 scrolls of amnesia {unknown}
 J - a scroll of immolation
Potions
 c - 2 potions of magic
 g - 13 potions of curing
 j - a potion of cancellation
 l - 2 potions of haste
 o - 2 potions of attraction {unknown}
 u - 2 potions of ambrosia
 v - a potion of resistance
 z - a potion of heal wounds
 A - 2 potions of flight
 F - a potion of invisibility {unknown}
 H - a potion of might


   Skills:
 * Level 10.4 Fighting
 + Level 6.3 Armour
 + Level 4.7 Dodging
 + Level 4.6 Stealth
 + Level 8.3 Shields
 * Level 17.5 Unarmed Combat
 * Level 6.7 Evocations


You had 13 spell levels left.
You didn't know any spells.
Your spell library contained the following spells:

 Spells                   Type           Power        Failure   Level
 Shock                    Conj/Air       #...         99%         1
 Swiftness                Air            #.......     100%        2
 Confusing Touch          Hex            #.......     100%        3
 Gell's Gravitas          Tloc           #.........   100%        3
 Static Discharge         Conj/Air       #.......     100%        3
 Airstrike                Air            #.........   100%        4
 Petrify                  Tmut/Erth      #.......     100%        4
 Lightning Bolt           Conj/Air       #.........   100%        5
 Metabolic Englaciation   Hex/Ice        #.........   100%        5
 Yara's Violent Unravell  Hex/Tmut       #.........   100%        5


Dungeon Overview and Level Annotations

Branches:
Dungeon (15/15)            Temple (1/1) D:6            Lair (0/6) D:9
    Orc (0/2) D:12         Vaults (0/5) D:14         Depths (0/5) D:15
  Sewer (visited)

Altars:
Ashenzari
Cheibriados
Elyvilon
Fedhas
Gozag
Kikubaaqudgha
Makhleb
Nemelex Xobeh
Okawaru
Trog
Uskayaw
Vehumet
Wu Jian
Zin
The Shining One
Jiyva

Shops:
D:4 }   D:9 *   D:10 !   D:14 :

Annotations:
D:14 Nessos
D:15 HilariousDeathArtist's ghost, journeyman GnDe; Purphixowk's ghost, journeyman DsGl


Innate Abilities, Weirdness & Mutations

Your body is rotting away.
You thrive by killing the living.
You are immune to poison.
You have sharp fingernails.
Your flesh is cold resistant. (rC+)
You are immune to negative energy. (rN+++)
You do not regenerate when monsters are visible.
You are immune to unholy pain and torment.
You can survive without breathing.


Message History

HilariousDeathArtist's ghost is moderately damaged.
The lich touches you!
* * * LOW HITPOINT WARNING * * *
Your corrosive artefact corrodes you!
Your death ooze closely misses HilariousDeathArtist's ghost.
Your death ooze hits HilariousDeathArtist's ghost but does no damage.
HilariousDeathArtist's ghost wails.
HilariousDeathArtist's ghost hits your death ooze!
The lich touches you!
* * * LOW HITPOINT WARNING * * *
As you read the scroll of teleportation, it crumbles to dust.
You feel strangely unstable.
Your death ooze barely misses HilariousDeathArtist's ghost.
Your death ooze hits HilariousDeathArtist's ghost!!
The lich barely misses you.
The jelly closely misses Purphixowk's ghost.
Unknown command.
The lich points at you and mumbles some strange words.
The bolt of acid hits you!! You resist.
You die...

##########........# #.# #
#........#........# #.# #
###........#........#########.###
..'..............................
###........#........#######......
# ##########........# #.#.##. #
####.....# ###.#.... # #J##....#
#.#.#.... # ##.J#@.### #.#.#....
# #=..#L.# #...#.... #####
###JWWJ.# #.#<##... #...#
#[._.'..# #.#.#####
#.#.#########⌠.'.## ####'#.###
#.........##:..#.# #........###
###.#####.###..#.#####........JJJ
............#.##..............<..
#######.#.#### #######........###


You could see a lich (fast), HilariousDeathArtist's ghost, Purphixowk's ghost, 3
neutral jellies (fellow slime) and a friendly death ooze (summoned).

Vanquished Creatures
  A lich (D:15)
  Gastronok (D:8)
  The ghost of Haokicir the Fighter, a journeyman DsBe of Trog (D:14)
  An ettin (D:15)
  4 vault guards (D:14)
  Erolcha (D:13)
  Harold (D:7)
  A hydra (D:15)
  A death knight (D:12)
  Erica (D:8)
  2 centaur warriors (D:15)
  An ogre mage (D:15)
  3 two-headed ogres
  A deep elf archer (D:14)
  3 unseen horrors
  A flayed ghost (D:14)
  A wolf spider zombie (D:14)
  Pikel (D:7)
  2 orc sorcerers
  An orc knight (D:15)
  15 ugly things
  A cyclops (D:14)
  A manticore (D:14)
  3 gargoyles
  2 centaur skeletons (D:15)
  3 freezing wraiths
  An efreet (D:15)
  3 trolls
  A hornet (D:11)
  Prince Ribbit (D:8)
  3 shadows
  2 wyverns
  8 yaks
  11 wraiths
  An acid dragon (D:11)
  3 water moccasins (D:9)
  6 ice beasts
  A black bear (D:9)
  6 orc warriors
  A hornet zombie (D:9)
  3 phantoms
  4 centaurs
  3 ogres
  A lemure (D:7)
  7 big kobolds
  7 bullfrogs
  2 gnoll sergeants
  A wyvern zombie (D:14)
  2 wyvern skeletons (D:14)
  A scorpion (D:7)
  5 killer bees (D:13)
  22 wights
  4 howler monkeys
  A bullfrog zombie (D:9)
  3 jellies
  9 orc wizards
  2 hounds
  A quasit (D:11)
  11 orc priests
  2 bullfrog skeletons
  2 iguanas
  9 worker ants
  2 hound zombies
  Robin (D:3)
  14 gnolls
  16 adders
  8 river rats (Sewer)
  A shadow imp (D:8)
  4 white imps
  2 ufetubi
  An ooze (D:3)
  3 adder skeletons
  4 worms
  A dart slug (D:1)
  4 leopard geckos
  54 orcs
  4 giant cockroaches
  8 hobgoblins
  10 jackals
  34 kobolds
  6 quokkas
  6 ball pythons (Sewer)
  7 bats
  6 frilled lizards
  13 goblins
  2 kobold zombies (D:4)
  2 orc skeletons (D:4)
  20 rats
437 creatures vanquished.

Vanquished Creatures (collateral kills)
  A lich (D:15)
1 creature vanquished.

Vanquished Creatures (others)
  2 unseen horrors
  A wizard (D:14)
  A centaur skeleton (D:15)
  A slime creature (D:14)
  A shadow (D:14)
  2 wraiths
  A basilisk (D:14)
  A water moccasin (D:9)
  A black bear (D:9)
  An orc warrior (D:14)
  An eye of draining (D:12)
  5 bullfrogs
  A wyvern skeleton (D:15)
  A scorpion (D:7)
  4 killer bees (D:7)
  4 wights (D:10)
  2 howler monkeys (D:11)
  3 centaur zombies
  A quasit (D:11)
  2 bullfrog zombies
  A hound (D:7)
  89 jellies
  2 orc wizards
  3 worker ants
  A worker ant zombie (D:8)
  A gnoll (D:7)
  3 adders
  An ufetubus (D:8)
  A leopard gecko (D:8)
  17 orcs
  2 giant cockroaches
  7 jackals
  A quokka (D:8)
  64 fungi (D:9)
  41 plants (D:9)
270 creatures vanquished.

Grand Total: 708 creatures vanquished

Notes
Turn   | Place    | Note
-------+----------+-------------------------------------------
     0 | D:1      | robertstho the Ghoul Fighter began the quest for the Orb.
     0 | D:1      | Reached XP level 1. HP: 19/19 MP: 0/0
    94 | D:1      | Reached XP level 2. HP: 26/26 MP: 1/1
   722 | D:1      | Reached XP level 3. HP: 33/33 MP: 2/2
   987 | D:2      | Reached skill level 3 in Unarmed Combat
  1289 | D:2      | Reached XP level 4. HP: 40/40 MP: 3/3
  1465 | D:2      | Got a fading ring mail
  1475 | D:2      | Identified the +1 ring mail of Xiasmouly {rF- Str+8 Dex+6}
                  | (You found it on level 2 of the Dungeon)
  1770 | D:2      | Found an ornate altar of the Wu Jian Council.
  1770 | D:2      | Found a snail-covered altar of Cheibriados.
  2135 | D:3      | Reached skill level 1 in Dodging
  2135 | D:3      | Reached XP level 5. HP: 19/46 MP: 4/4
  2519 | D:3      | Found a hide-covered altar of Uskayaw.
  2522 | D:3      | Noticed Robin
  2552 | D:3      | Killed Robin
  2560 | D:3      | Found a burning altar of Makhleb.
  2572 | D:3      | Found a white marble altar of Elyvilon.
  3338 | D:4      | Reached skill level 4 in Unarmed Combat
  3460 | D:4      | Found a glowing golden altar of the Shining One.
  3466 | D:4      | Reached XP level 6. HP: 48/52 MP: 5/5
  3533 | D:4      | Found Qink's Gadget Shoppe.
  3675 | D:4      | Reached skill level 5 in Unarmed Combat
  3881 | D:5      | Entered Level 5 of the Dungeon
  4135 | D:5      | Reached XP level 7. HP: 60/60 MP: 6/6
  4150 | D:5      | Reached skill level 6 in Unarmed Combat
  4177 | D:5      | Got a faintly glowing brass ring
  4178 | D:5      | Identified the ring of Tirimej {rF+ rC- Slay+5 SInv} (You
                  | found it on level 5 of the Dungeon)
  4493 | D:5      | Reached skill level 5 in Fighting
  4496 | D:5      | Reached skill level 7 in Unarmed Combat
  4504 | D:5      | Reached XP level 8. HP: 62/68 MP: 7/7
  4953 | D:6      | Found a glowing drain.
  5005 | Sewer    | Entered a sewer
  5025 | Sewer    | Reached skill level 8 in Unarmed Combat
  5614 | D:6      | Reached skill level 9 in Unarmed Combat
  5664 | D:6      | Reached skill level 1 in Stealth
  5664 | D:6      | Reached XP level 9. HP: 74/75 MP: 8/8
  5833 | D:6      | Found a staircase to the Ecumenical Temple.
  6009 | D:6      | Found a blossoming altar of Fedhas.
  6061 | Temple   | Entered the Ecumenical Temple
  6065 | Temple   | Became a worshipper of Jiyva Joeclues the Shapeless
  6368 | D:5      | Reached * piety under Jiyva
  6536 | D:7      | Found a radiant altar of Vehumet.
  6583 | D:7      | Reached ** piety under Jiyva
  6652 | D:7      | Noticed Harold
  6669 | D:7      | Killed Harold
  6669 | D:7      | Reached skill level 10 in Unarmed Combat
  6669 | D:7      | Reached skill level 1 in Evocations
  6950 | D:7      | Noticed Pikel
  6965 | D:7      | Killed Pikel
  6965 | D:7      | Reached skill level 11 in Unarmed Combat
  7346 | D:8      | Reached XP level 10. HP: 84/84 MP: 9/9
  7349 | D:8      | Reached *** piety under Jiyva
  7407 | D:8      | Found an iron altar of Okawaru.
  7419 | D:8      | Reached **** piety under Jiyva
  7428 | D:8      | Reached skill level 5 in Shields
  7432 | D:8      | Noticed Prince Ribbit
  7432 | D:8      | Noticed Erica
  7438 | D:8      | Killed Prince Ribbit
  7445 | D:8      | Killed Erica
  7500 | D:8      | Noticed Gastronok
  7517 | D:8      | Killed Gastronok
  7517 | D:8      | Reached skill level 12 in Unarmed Combat
  7838 | D:8      | Found a sparkling altar of Nemelex Xobeh.
  8314 | D:9      | Reached ***** piety under Jiyva
  8378 | D:9      | Found Vyto's Assorted Antiques.
  8395 | D:9      | Reached skill level 5 in Armour
  8499 | D:9      | Reached XP level 11. HP: 26/93 MP: 10/10
  8677 | D:9      | Reached ****** piety under Jiyva
  8680 | D:9      | Found a bloodstained altar of Trog.
  8734 | D:9      | Found an opulent altar of Gozag.
  8735 | D:9      | Found a glowing silver altar of Zin.
  8791 | D:9      | Found a staircase to the Lair.
  8919 | D:10     | Entered Level 10 of the Dungeon
  8934 | D:10     | Reached skill level 13 in Unarmed Combat
  9547 | D:10     | Found Cettuof's Distillery.
  9552 | D:10     | Bought a potion of cancellation for 104 gold pieces
 10107 | D:11     | Noticed a white ugly thing
 10115 | D:11     | Killed a white ugly thing
 10420 | D:11     | Got a steaming tower shield
 10430 | D:11     | Identified the +7 tower shield of Vakupas {Rampage *Corrode
                  | +Blink rN++ Dex+3} (You found it on level 11 of the
                  | Dungeon)
 10720 | D:12     | Noticed a red ugly thing
 10727 | D:12     | Killed a red ugly thing
 11096 | D:12     | Noticed a brown ugly thing
 11097 | D:12     | Noticed a white ugly thing
 11124 | D:12     | Killed a white ugly thing
 11124 | D:12     | Reached skill level 14 in Unarmed Combat
 11127 | D:12     | Killed a white ugly thing
 11197 | D:12     | Found a staircase to the Orcish Mines.
 11268 | D:12     | Noticed a death knight
 11269 | D:12     | Noticed a skeletal warrior
 11281 | D:12     | Noticed an unseen horror
 11283 | D:12     | Killed a death knight
 11301 | D:12     | Slimified a skeletal warrior
 11301 | D:12     | Noticed a death ooze
 11301 | D:12     | a skeletal warrior changed into a death ooze
 11306 | D:12     | Killed an unseen horror
 11306 | D:12     | Reached XP level 12. HP: 77/103 MP: 11/11
 11663 | D:13     | Noticed Erolcha
 11666 | D:13     | Killed Erolcha
 11699 | D:13     | Found the +5 scythe "Finisher" {speed, eviscerate}
 12484 | D:14     | Found a runed translucent gate.
 12499 | D:14     | Reached skill level 15 in Unarmed Combat
 12510 | D:14     | Found a runed translucent gate.
 12510 | D:14     | Found a runed translucent gate.
 12521 | D:14     | Reached skill level 5 in Evocations
 12617 | D:14     | Noticed Haokicir's ghost (journeyman DsBe)
 12649 | D:14     | Noticed a vault guard
 12651 | D:14     | Noticed a vault guard
 12651 | D:14     | Noticed a two-headed ogre
 12657 | D:14     | Killed a two-headed ogre
 12746 | D:14     | Noticed a vault guard
 12771 | D:14     | Killed a vault guard
 12892 | D:14     | Killed a vault guard
 13016 | D:14     | Found a gate to the Vaults.
 13016 | D:14     | Noticed a vault guard
 13017 | D:14     | Noticed a vault guard
 13026 | D:14     | Killed a vault guard
 13030 | D:14     | Slimified a vault guard
 13030 | D:14     | a vault guard changed into a slime creature
 13037 | D:14     | Killed a vault guard
 13037 | D:14     | Reached XP level 13. HP: 44/111 MP: 8/12
 13278 | D:14     | Found Inei's Book Emporium.
 13517 | D:14     | Found a broken altar of Ashenzari.
 13538 | D:14     | Noticed Nessos
 13838 | D:14     | Killed Haokicir's ghost
 13838 | D:14     | Reached skill level 16 in Unarmed Combat
 14128 | D:15     | Entered Level 15 of the Dungeon
 14485 | D:15     | Noticed an ettin
 14509 | D:15     | Reached skill level 10 in Fighting
 14516 | D:15     | Killed an ettin
 14623 | D:15     | Found a staircase to the Depths.
 14742 | D:15     | Found a runed translucent gate.
 14746 | D:15     | Found a runed translucent gate.
 14746 | D:15     | Found an ancient bone altar of Kikubaaqudgha.
 14795 | D:15     | Noticed a minotaur
 14836 | D:15     | Noticed an azure jelly
 14894 | D:15     | Found a runed translucent gate.
 14894 | D:15     | Noticed Purphixowk's ghost (journeyman DsGl)
 14894 | D:15     | Noticed HilariousDeathArtist's ghost (journeyman GnDe)
 14894 | D:15     | Noticed a lich
 14898 | D:15     | Noticed a lich
 14988 | D:15     | Reached skill level 17 in Unarmed Combat
 15113 | D:15     | Noticed a lich
 15134 | D:15     | Killed a lich
 15134 | D:15     | Reached XP level 14. HP: 115/122 MP: 13/13
 15138 | D:15     | Killed a lich
 15143 | D:15     | Killed from afar by a lich

Illustrated notes

Levels and vault maps discovered:
D:1:      elethiomel_arrival_infinity_welcomes_careful_drivers, layout_basic
D:2:      layout_loops_ring, gammafunk_temple_overflow_wave,
          hangedman_decor_slide_cut, dk_noncrumbling_4
D:3:      layout_loops_ring, grunt_temple_overflow_open, chequers_big_river,
          uniq_robin
D:4:      layout_rooms, nicolae_tso_besieged_by_evil, serial_shops, shop,
          kennysheep_nondescript
D:5:      layout_loops_cross, minmay_misc_feat_doors, grunt_ministairs_9
D:6:      layout_layer_cave, minmay_temple_entry_wispy,
          cheibrodos_sewer_entry_bend, fedhas_altar_fruit_tree
D:7:      layout_basic, fiery_altar_vehumet, uniq_harold, uniq_pikel
D:8:      layout_rooms, kennysheep_mini, basic_altar, uniq_erica,
          uniq_prince_ribbit1, uniq_gastronok
D:9:      layout_rooms, grunt_temple_overflow_gold_and_silver,
          kennysheep_little_box, due_lair_maze_entry_diamond, serial_shops, shop
D:10:     layout_loops_corners, serial_shops,
          nicolae_shop_competitors_out_of_business, hangedman_glass_teeth
D:11:     layout_basic
D:12:     layout_loops_ring, hiddenorc1_lemuel, kennysheep_generic_room_3
D:13:     layout_basic, minmay_guarded_unrand_finisher, uniq_erolcha
D:14:     layout_basic, grunt_vaults_entry_fortified, gammafunk_ghost_spectres,
          serial_shops, shop, nicolae_ashenzari_panopticon, minivault_25,
          uniq_nessos
D:15:     hangedman_depths_entry_civil_slaughter, layout_basic,
          gammafunk_ghost_crypt, serial_glass, glass_columns_a, glass_columns_c
Temple:   pf_slimified_temple

Skill      XL: |  1  2  3  4  5  6  7  8  9 10 11 12 13 |
---------------+----------------------------------------+-----
Unarmed Combat | 3 4 5 7 9 11 12 14 15 17 | 17.5
Armour         | 3 4 5 6 |  6.3
Shields        | 3 4 5 6 7 8 |  8.3
Fighting       | 4 5 6 7 8 9 10 | 10.4
Dodging        | 1 2 3 4 |  4.7
Stealth        | 1 2 3 4 |  4.6
Evocations     | 2 3 4 5 6 |  6.7

Action                   |  1- 3 |  4- 6 |  7- 9 | 10-12 | 13-15 || total
-------------------------+-------+-------+-------+-------+-------++-------
Melee: Unarmed           |   133 |   207 |   342 |   634 |   244 ||  1560
Invok: Slimify           |       |       |       |     2 |     1 ||     3
Evoke: Wand              |       |       |       |     1 |       ||     1
  Use: Potion            |       |     2 |       |     7 |     1 ||    10
       Scroll            |       |       |    12 |     3 |     2 ||    17
 Stab: Sleeping          |       |       |     1 |    17 |     4 ||    22
       Distracted        |       |       |       |       |     2 ||     2
Armor: Scale mail        |    36 |       |       |       |       ||    36
       Ring mail         |    23 |    61 |   100 |   134 |    20 ||   338
Dodge: Dodged            |    40 |    75 |   111 |   197 |    30 ||   453
Block: Kite shield       |    51 |   102 |   180 |   184 |       ||   517
       Tower shield      |       |       |       |   314 |   162 ||   476

Table legend: (Time is in decaauts)
 A = Elapsed time spent in this place.
 B = Non-inter-level travel time spent in this place.
 C = Inter-level travel time spent in this place.
 D = Time resting spent in this place.
 E = Time spent auto-exploring this place.
 F = Levels seen in this place.
 G = Mean time per level.
                   A        B        C        D        E       F      G
               +--------+--------+--------+--------+--------+-----+--------+
         Total |  15098 |  14467 |    631 |    547 |  11228 |  17 |  888.1 |
       Dungeon |  14554 |  13928 |    626 |    547 |  10881 |  15 |  970.3 |
        Temple |      8 |      4 |      4 |      0 |      0 |   1 |    8.0 |
         Sewer |    535 |    535 |      0 |      0 |    347 |   1 |  535.0 |
               +--------+--------+--------+--------+--------+-----+--------+

Top non-repeatable levels by time:
    D:14: 1660 daAuts
     D:3: 1298 daAuts
     D:2: 1238 daAuts
     D:5: 1024 daAuts
    D:15: 982 daAuts
     D:9: 969 daAuts
     D:7: 961 daAuts
    D:12: 922 daAuts
    D:10: 892 daAuts
    D:11: 885 daAuts
     D:1: 880 daAuts
    D:13: 861 daAuts
     D:6: 749 daAuts
     D:8: 616 daAuts
     D:4: 610 daAuts
